Map: Mécanisation EC

Players

Splinter - Winner!

  • Race: Terran Terran
  • League: Diamond
  • Spawn Location: 3:00

Sorandom

  • Race: Zerg Zerg
  • League: Diamond
  • Spawn Location: 9:00

VOD

Have the link to the VOD?

Description

Time

  • Played on: April 4, 2019, 6:19 p.m.
  • Length: 8:58
Show
View Real Time Build Order
Export as new Build Order

Splinter Terran - Winner!

Build Orders: Reaper Expand 

Get SALT Encoding   

  12  0:00  SCV  
  13  0:13  SCV  
  14  0:18  Supply Depot  
  14  0:25  SCV  
  15  0:39  SCV  
  16  0:44  Barracks  
  16  0:52  SCV  
  16  0:54  Refinery  
  17  1:04  SCV  
  18  1:16  SCV  
  19  1:31  Orbital Command  
  19  1:37  Reaper  
  20  1:41  Command Center  
  20  1:51  Barracks  
  20  1:56  SCV  
  21  2:06  Supply Depot  
  21  2:12  Reaper  
  21  2:21  SCV  
  21  2:37  SCV  
  21  2:46  Supply Depot  
  21  2:49  Reaper  
  22  2:56  Reaper  
  22  2:59  SCV  
  23  3:17  SCV  
  23  3:21  Reaper  
  24  3:33  Reaper  
  25  3:53  Reaper  
  25  3:55  SCV  
  27  4:00  Refinery  
  27  4:06  Barracks x2  
  27  4:07  SCV  
  27  4:09  Marine  
  29  4:15  Orbital Command  
  29  4:19  SCV, Bunker  
  30  4:27  Barracks Tech Lab  
  30  4:31  SCV  
  30  4:43  SCV  
  29  4:49  Marine x2  
  30  4:53  Supply Depot  
  30  4:55  Barracks Reactor, Stimpack  
  30  4:56  SCV, Barracks Reactor  
  31  5:01  SCV  
  31  5:06  Engineering Bay  
  32  5:07  Marine x2  
  32  5:08  SCV  
  32  5:13  SCV  
  36  5:16  Supply Depot  
  36  5:19  Supply Depot  
  36  5:20  SCV  
  37  5:25  Marine x2  
  37  5:26  SCV  
  40  5:28  Factory  
  40  5:32  SCV  
  37  5:42  Marine  
  37  5:44  Bunker  
  37  5:48  SCV  
  38  5:50  Terran Infantry Weapons Level 1  
  38  5:51  SCV  
  38  5:53  Supply Depot  
  38  5:54  Supply Depot  
  38  5:56  Marine x4  
  38  5:57  Marine  
  43  6:00  SCV  
  43  6:03  SCV  
  46  6:09  Barracks Reactor  
  46  6:12  SCV  
  46  6:14  Factory Tech Lab  
  46  6:15  SCV  
  48  6:24  SCV  
  49  6:27  SCV  
  50  6:33  Siege Tank  
  50  6:36  SCV, Marine x2  
  50  6:37  Refinery, Marine x2  
  50  6:39  SCV, Marine  
  60  6:48  SCV  
  60  6:49  Starport  
  60  6:52  Marine x2  
  63  6:54  Command Center, Marine  
  63  6:56  Combat Shield  
  63  6:58  SCV  
  63  7:00  SCV  
  66  7:04  Supply Depot  
  66  7:10  SCV, Siege Tank  
  70  7:17  Supply Depot  
  70  7:26  SCV x2  
  72  7:33  Marine x5  
  77  7:38  SCV  
  77  7:39  Medivac x2  
  77  7:41  Supply Depot, Marine  
  83  7:50  Marine  
  83  7:51  Marine x2  
  85  7:58  Marine  
  86  7:59  Marine  
  86  8:06  Refinery  
  86  8:08  Marine x2  
  86  8:09  Medivac, Marine  
  86  8:11  Orbital Command  
  91  8:14  Supply Depot  
  91  8:15  Supply Depot  
  91  8:16  Barracks Tech Lab  
  91  8:18  Marine x2  
  92  8:26  Marine  
  93  8:32  Marine x2  
  95  8:34  Marine  
  95  8:36  Marine  
  95  8:37  Supply Depot x2  
  100  8:46  Armory  
Show
View Real Time Build Order
Export as new Build Order

Sorandom Zerg 

Build Orders: 1 Base Baneling Bust, Pool First, Zergling Baneling 

Get SALT Encoding   

  12  0:01  Drone  
  13  0:24  Spawning Pool  
  13  0:26  Extractor  
  11  0:29  Drone  
  11  0:34  Drone  
  13  0:43  Overlord  
  16  1:11  Zergling x6  
  16  1:14  Queen  
  18  1:28  Baneling Nest  
  18  1:31  Zergling x2  
  18  1:37  Zergling x2  
  19  1:44  Zergling x2  
  20  1:57  Overlord  
  20  2:17  Zergling x2  
  20  2:18  Zergling x2  
  22  2:26  Zergling x6  
  23  2:32  Zergling x2  
  23  2:34  Baneling  
  23  2:42  Baneling x3  
  21  3:03  Metabolic Boost  
  21  3:05  Drone  
  22  3:08  Drone  
  23  3:18  Zergling x2  
  23  3:25  Drone  
  24  3:33  Zergling x2  
  25  3:39  Zergling x2  
  25  3:40  Zergling x4  
  24  3:51  Zergling x2  
  24  3:56  Zergling x2  
  25  4:06  Drone  
  26  4:12  Zergling x6  
  29  4:19  Zergling x2  
  29  4:45  Hatchery  
  25  4:49  Zergling x6  
  25  4:53  Baneling  
  25  4:58  Baneling x3  
  25  5:00  Baneling  
  25  5:04  Baneling  
  25  5:07  Zergling x2  
  25  5:13  Drone  
  27  5:16  Zergling x2  
  27  5:20  Zergling x2  
  26  5:39  Zergling x8  
  26  5:46  Baneling  
  26  5:47  Baneling  
  26  5:49  Zergling x4  
  27  5:54  Baneling  
  27  5:55  Baneling  
  27  5:58  Zergling x2  
  27  6:00  Baneling  
  27  6:01  Baneling  
  28  6:06  Drone  
  28  6:11  Drone  
  26  6:32  Drone x5  
  28  6:39  Drone x2  
  30  6:44  Drone x2  
  32  6:51  Overlord  
  32  6:56  Drone  
  32  6:57  Drone  
  34  7:02  Drone  
  35  7:10  Drone x4  
  39  7:16  Drone  
  39  7:18  Queen  
  39  7:21  Drone  
  43  7:38  Overlord  
  43  7:44  Extractor  
  43  7:45  Extractor  
  43  7:51  Zergling x6  
  41  7:54  Extractor, Queen  
  44  8:00  Zergling x6  
  47  8:07  Drone x3  
  51  8:12  Drone  
  51  8:13  Hatchery, Drone  
  51  8:15  Overlord  
  51  8:25  Drone  
  51  8:26  Overlord  
  52  8:34  Drone x3  
  52  8:39  Drone x3  
  52  8:40  Drone x2  
Tags
 
Add a new tag
Caveats
  • Supply blocks, unpowered buildings, or Contaminate may cause inaccurate times.
  • Supply counts are checked every 10 seconds.